PIO (24 & UNDER)
SALEM SLEDGEHAMMERS @ SURREY SINNERS
09/30/2029
 
TOP OF THE 1ST
Salem Sledgehammers batting - Pitching for Surrey Sinners : RHP Doug Spencer
Pitching: RHP Doug Spencer
Batting: RHB Randall Luna 0-0: Ball
1-0: Foul Ball, location: 2F
1-1: Foul Ball, location: 2F
1-2: Ball
2-2: Foul Ball, location: 2F
2-2: Fly out, F7 (Flyball, 7)
Batting: RHB Rich Crabtree 0-0: Swinging Strike
0-1: Ball
1-1: Ball
2-1: Fly out, F9 (Flyball, 9S)
Batting: LHB José Rivas 0-0: Ball
1-0: Ball
2-0: Ball
3-0: Called Strike
3-1: SINGLE (Line Drive, 34)
Batting: LHB Gary Cahill 0-0: Called Strike
0-1: Ball
1-1: Ball
2-1: Ball
José Rivas is caught stealing 2nd base
Top of the 1st over - 0 runs, 1 hit, 0 errors, 0 left on base; Salem 0 - Surrey 0
BOTTOM OF THE 1ST
Surrey Sinners batting - Pitching for Salem Sledgehammers : RHP Claude Cunningham
Pitching: RHP Claude Cunningham
Batting: RHB Jason Nava 0-0: Ball
1-0: Swinging Strike
1-1: Foul Ball, location: 2F
1-2: Foul Ball, location: 2F
1-2: Ground out 6-3 (Groundball, 6)
Batting: RHB Robert Sipple 0-0: Ball
1-0: Called Strike
1-1: Ball
2-1: Foul Ball, location: 2F
2-2: Ball
3-2: Foul Ball, location: 2F
3-2: Strikes out swinging
Batting: LHB Carlos Hernández 0-0: Ball
1-0: Fly out, F6 (Popup, 6MD)
Bottom of the 1st over - 0 runs, 0 hits, 0 errors, 0 left on base; Salem 0 - Surrey 0
TOP OF THE 2ND
Salem Sledgehammers batting - Pitching for Surrey Sinners : RHP Doug Spencer
Batting: LHB Gary Cahill 0-0: Ball
1-0: Ball
2-0: Ball
3-0: Called Strike
3-1: Base on Balls
Batting: RHB Rickey Núñez 0-0: Foul Ball, location: 2F
0-1: SINGLE (Groundball, 6MD)
Gary Cahill to second
Batting: LHB Adrian Neal 0-0: Called Strike
0-1: Swinging Strike
0-2: Strikes out swinging
Batting: RHB Miguel Rodríguez 0-0: Called Strike
0-1: Ball
1-1: Called Strike
1-2: Ball
2-2: Strikes out swinging
Batting: RHB José González 0-0: Ball
1-0: Called Strike
1-1: Ball
2-1: Foul Ball, location: 2F
2-2: Strikes out looking
Top of the 2nd over - 0 runs, 1 hit, 0 errors, 2 left on base; Salem 0 - Surrey 0
BOTTOM OF THE 2ND
Surrey Sinners batting - Pitching for Salem Sledgehammers : RHP Claude Cunningham
Batting: LHB Robert Mann 0-0: Ball
1-0: DOUBLE (Line Drive, 9LS)
Batting: LHB Ugo Béland 0-0: Ball
1-0: Ball
2-0: Ground out 6-3 (Groundball, 6)
Batting: RHB Jorge Barrios 0-0: Called Strike
0-1: Ball
1-1: Ball
2-1: Foul Ball, location: 2F
2-2: Ball
3-2: SINGLE (Line Drive, 89M)
Robert Mann to third
Batting: RHB Pat Simms 0-0: Called Strike
0-1: Ball
1-1: Fly out, F8 (Flyball, 8RD)
Runner from 3rd tags up, SCORES, throw made
Batting: LHB Joe Spears 0-0: Foul Ball, location: 2F
0-1: Foul Ball, location: 2F
0-2: Fly out, F9 (Flyball, 9D)
Bottom of the 2nd over - 1 run, 2 hits, 0 errors, 1 left on base; Salem 0 - Surrey 1
TOP OF THE 3RD
Salem Sledgehammers batting - Pitching for Surrey Sinners : RHP Doug Spencer
Batting: RHB Michael Gibson 0-0: Fly out, F7 (Flyball, 7)
Batting: RHB Randall Luna 0-0: Ball
1-0: Foul Ball, location: 2F
1-1: Called Strike
1-2: Ball
2-2: Foul Ball, location: 2F
2-2: Ball
3-2: Strikes out looking
Batting: RHB Rich Crabtree 0-0: Ball
1-0: Ball
2-0: Fly out, F8 (Flyball, 89M)
Top of the 3rd over - 0 runs, 0 hits, 0 errors, 0 left on base; Salem 0 - Surrey 1
BOTTOM OF THE 3RD
Surrey Sinners batting - Pitching for Salem Sledgehammers : RHP Claude Cunningham
Batting: RHB Jeff Buck 0-0: Foul Ball, location: 2F
0-1: Ground out U3 (Groundball, 23)
Batting: RHB Jason Nava 0-0: Ball
1-0: Ball
2-0: Ball
3-0: Base on Balls
Batting: RHB Robert Sipple 0-0: Ball
1-0: Ball
Jason Nava steals 2nd base
2-0: Ball
3-0: Base on Balls
Batting: LHB Carlos Hernández 0-0: Swinging Strike
0-1: Swinging Strike
0-2: Foul Ball, location: 2F
0-2: Foul Ball, location: 2F
0-2: Strikes out swinging
Batting: LHB Robert Mann 0-0: Called Strike
0-1: Ball
1-1: Ball
2-1: DOUBLE (Flyball, 8LXD)
Jason Nava scores
Robert Sipple to third
Runner from 3rd tries for Home, SAFE, no throw
Batting: LHB Ugo Béland 0-0: Swinging Strike
0-1: Ball
1-1: Ground out U3 (Groundball, 3)
Bottom of the 3rd over - 2 runs, 1 hit, 0 errors, 1 left on base; Salem 0 - Surrey 3
TOP OF THE 4TH
Salem Sledgehammers batting - Pitching for Surrey Sinners : RHP Doug Spencer
Batting: LHB José Rivas 0-0: Fly out, F3 (Popup, 3F)
Batting: LHB Gary Cahill 0-0: Called Strike
0-1: Ball
1-1: Foul Ball, location: 2F
1-2: Strikes out swinging
Batting: RHB Rickey Núñez 0-0: Ball
1-0: Swinging Strike
1-1: Foul Ball, location: 2F
1-2: Foul Ball, location: 2F
1-2: Strikes out looking
Top of the 4th over - 0 runs, 0 hits, 0 errors, 0 left on base; Salem 0 - Surrey 3
BOTTOM OF THE 4TH
Surrey Sinners batting - Pitching for Salem Sledgehammers : RHP Claude Cunningham
Batting: RHB Jorge Barrios 0-0: Swinging Strike
0-1: Ground out 5-3 (Groundball, 56S)
Batting: RHB Pat Simms 0-0: Ball
1-0: Foul Ball, location: 2F
1-1: SINGLE (Groundball, 34D)
Batting: LHB Joe Spears 0-0: Fly out, F9 (Line Drive, 9D)
Batting: RHB Jeff Buck 0-0: Foul Ball, location: 2F
0-1: Ball
1-1: Fly out, F7 (Flyball, 78M)
Bottom of the 4th over - 0 runs, 1 hit, 0 errors, 1 left on base; Salem 0 - Surrey 3
TOP OF THE 5TH
Salem Sledgehammers batting - Pitching for Surrey Sinners : RHP Doug Spencer
Batting: LHB Adrian Neal 0-0: Ball
1-0: Swinging Strike
1-1: Foul Ball, location: 2F
1-2: Ball
2-2: Foul Ball, location: 2F
2-2: Foul Ball, location: 2F
2-2: Ball
3-2: Foul Ball, location: 2F
3-2: Base on Balls
Batting: RHB Miguel Rodríguez 0-0: Ball
1-0: SINGLE (Line Drive, 7LM)
Adrian Neal to second
Batting: RHB José González 0-0: Ball
1-0: Grounds into double play, 4-6-3 (Groundball, 4)
Adrian Neal to third
Batting: RHB Michael Gibson 0-0: Called Strike
0-1: Hit by Pitch
Batting: RHB Randall Luna 0-0: Called Strike
0-1: Swinging Strike
0-2: Fly out, F9 (Flyball, 9)
Top of the 5th over - 0 runs, 1 hit, 0 errors, 2 left on base; Salem 0 - Surrey 3
BOTTOM OF THE 5TH
Surrey Sinners batting - Pitching for Salem Sledgehammers : RHP Claude Cunningham
Batting: RHB Jason Nava 0-0: Foul Ball, location: 2F
0-1: Ball
1-1: Foul Ball, location: 2F
1-2: Ball
2-2: Foul Ball, location: 2F
2-2: SOLO HOME RUN (Flyball, 7D), Distance : 370 ft
Batting: RHB Robert Sipple 0-0: Ground out 5-3 (Groundball, 5)
Batting: LHB Carlos Hernández 0-0: Swinging Strike
0-1: Ball
1-1: Swinging Strike
1-2: Foul Ball, location: 2F
1-2: Ball
2-2: Strikes out looking
Batting: LHB Robert Mann 0-0: Called Strike
0-1: Ball
1-1: Foul Ball, location: 2F
1-2: Ball
2-2: Ball
3-2: Base on Balls
Batting: LHB Ugo Béland 0-0: Called Strike
0-1: Ball
1-1: Called Strike
1-2: Ball
2-2: Foul Ball, location: 2F
2-2: Ball
3-2: Foul Ball, location: 2F
3-2: Base on Balls
Robert Mann to second
Pitching: RHP Lloyd Jones
Batting: RHB Jorge Barrios 0-0: Swinging Strike
0-1: Foul Ball, location: 2F
0-2: Strikes out swinging
Bottom of the 5th over - 1 run, 1 hit, 0 errors, 2 left on base; Salem 0 - Surrey 4
TOP OF THE 6TH
Salem Sledgehammers batting - Pitching for Surrey Sinners : RHP Doug Spencer
Batting: RHB Rich Crabtree 0-0: Swinging Strike
0-1: Ball
1-1: Called Strike
1-2: Ball
2-2: Foul Ball, location: 2F
2-2: Strikes out looking
Batting: LHB José Rivas 0-0: Ball
1-0: SOLO HOME RUN (Flyball, 9LD), Distance : 340 ft
Batting: LHB Gary Cahill 0-0: Called Strike
0-1: SINGLE (Flyball, 8LS)
Batting: RHB Rickey Núñez 0-0: Ball
1-0: Ball
2-0: Called Strike
2-1: Ball
3-1: Base on Balls
Gary Cahill to second
Batting: LHB Adrian Neal 0-0: Foul Ball, location: 2F
0-1: Called Strike
0-2: Foul Ball, location: 2F
0-2: Ball
1-2: Fly out, F8 (Flyball, 8RS)
Batting: RHB Miguel Rodríguez 0-0: Foul Ball, location: 2F
0-1: Foul Ball, location: 2F
0-2: Ball
1-2: Ball
2-2: Foul Ball, location: 2F
2-2: Strikes out swinging
Top of the 6th over - 1 run, 2 hits, 0 errors, 2 left on base; Salem 1 - Surrey 4
BOTTOM OF THE 6TH
Surrey Sinners batting - Pitching for Salem Sledgehammers : RHP Lloyd Jones
Batting: RHB Pat Simms 0-0: Ball
1-0: Ball
2-0: Ball
3-0: Called Strike
3-1: Base on Balls
Batting: LHB Joe Spears 0-0: Ball
1-0: Ball
2-0: SINGLE (Groundball, 4MD)
Pat Simms to second
Batting: RHB Jeff Buck 0-0: Called Strike
0-1: Ball
1-1: Swinging Strike
1-2: Ball
2-2: Foul Ball, location: 2F
2-2: Strikes out looking
Batting: RHB Jason Nava 0-0: Foul Ball, location: 2F
0-1: Swinging Strike
0-2: Strikes out swinging
Batting: RHB Robert Sipple 0-0: Swinging Strike
0-1: Called Strike
0-2: Ball
1-2: Strikes out swinging
Bottom of the 6th over - 0 runs, 1 hit, 0 errors, 2 left on base; Salem 1 - Surrey 4
TOP OF THE 7TH
Salem Sledgehammers batting - Pitching for Surrey Sinners : RHP Doug Spencer
Batting: RHB José González 0-0: Ball
1-0: Called Strike
1-1: Fly out, F6 (Popup, 6D)
Batting: RHB Michael Gibson 0-0: Called Strike
0-1: Fly out, F4 (Popup, 4S)
Batting: RHB Randall Luna 0-0: Called Strike
0-1: Swinging Strike
0-2: Ball
1-2: Strikes out looking
Top of the 7th over - 0 runs, 0 hits, 0 errors, 0 left on base; Salem 1 - Surrey 4
BOTTOM OF THE 7TH
Surrey Sinners batting - Pitching for Salem Sledgehammers : RHP Lloyd Jones
Batting: LHB Carlos Hernández 0-0: Foul Ball, location: 2F
0-1: Fly out, F7 (Flyball, 78S)
Batting: LHB Robert Mann 0-0: Ball
1-0: Ball
2-0: Ball
3-0: Base on Balls
Pitching: LHP John Dyer
Batting: LHB Ugo Béland 0-0: Ball
1-0: Ground out U3 (Groundball, 3S)
Robert Mann to second
Pitching: RHP Tony Zamora
Batting: RHB Jorge Barrios 0-0: Ball
1-0: Called Strike
1-1: Fly out, F8 (Flyball, 8RXD)
Bottom of the 7th over - 0 runs, 0 hits, 0 errors, 1 left on base; Salem 1 - Surrey 4
TOP OF THE 8TH
Salem Sledgehammers batting - Pitching for Surrey Sinners : RHP Doug Spencer
Pitching: LHP Anthony Blackwell
Batting: RHB Rich Crabtree 0-0: Called Strike
0-1: Ball
1-1: Called Strike
1-2: Ball
2-2: Foul Ball, location: 2F
2-2: Strikes out swinging
Batting: LHB José Rivas 0-0: Ball
1-0: Ball
2-0: Ball
3-0: Base on Balls
Batting: LHB Gary Cahill 0-0: Ball
1-0: SINGLE (Flyball, 89M)
José Rivas to second
Runner from 2nd tries for 3rd, SAFE, throw made to third
Batting: RHB Rickey Núñez 0-0: Ground out 6-3 (Groundball, 6MS)
José Rivas scores
Gary Cahill to second
Batting: LHB Adrian Neal 0-0: Called Strike
0-1: Foul Ball, location: 2F
0-2: Ball
1-2: Strikes out looking
Top of the 8th over - 1 run, 1 hit, 0 errors, 1 left on base; Salem 2 - Surrey 4
BOTTOM OF THE 8TH
Surrey Sinners batting - Pitching for Salem Sledgehammers : RHP Tony Zamora
Batting: RHB Pat Simms 0-0: Foul Ball, location: 2F
0-1: Ball
1-1: Ball
2-1: Fly out, F3 (Popup, 23F)
Batting: LHB Joe Spears 0-0: Called Strike
0-1: Swinging Strike
0-2: Ball
1-2: Ball
2-2: Strikes out swinging
Batting: RHB Jeff Buck 0-0: Called Strike
0-1: SINGLE (Line Drive, 6D)
Batting: RHB Jason Nava 0-0: Foul Ball, location: 2F
0-1: Ball
1-1: Ball
2-1: Ground out U3 (Groundball, 3S)
Bottom of the 8th over - 0 runs, 1 hit, 0 errors, 1 left on base; Salem 2 - Surrey 4
TOP OF THE 9TH
Salem Sledgehammers batting - Pitching for Surrey Sinners : LHP Anthony Blackwell
Pitching: RHP Chris Ryan
Batting: RHB Miguel Rodríguez 0-0: Called Strike
0-1: Swinging Strike
0-2: Strikes out looking
Batting: RHB José González 0-0: Foul Ball, location: 2F
0-1: Called Strike
0-2: Ground out 5-3 (Groundball, 56)
Batting: RHB Michael Gibson 0-0: Called Strike
0-1: Foul Ball, location: 2F
0-2: SINGLE (Groundball, 3D)
Batting: RHB Randall Luna 0-0: Called Strike
0-1: Ball
1-1: Foul Ball, location: 2F
1-2: Strikes out swinging
Top of the 9th over - 0 runs, 1 hit, 0 errors, 1 left on base; Salem 2 - Surrey 4
Saturday, December 16th, 2017 - OOTP Baseball 18.8 Build 76